 Dungeon Crawl Stone Soup version 0.29-a0-464-g50448035db (webtiles) character file.

Game seed: 8481082618315161454

2534 Kenran the Martial Artist (level 7, 0/43 HPs)
             Began as a Spriggan Transmuter on May 20, 2022.
             Was a Follower of Ru.
             Slain by a yak (7 damage)
             ... on level 8 of the Dungeon on May 21, 2022.
             The game lasted 00:26:34 (11100 turns).

Kenran the Martial Artist (Spriggan Transmuter)    Turns: 11100, Time: 00:26:34

Health: 0/43       AC: 10    Str:  6    XL:     7   Next: 30%
Magic:  10/13      EV: 13    Int: 19    God:    Ru [*.....]
Gold:   191        SH:  0    Dex: 21    Spells: 7/13 levels left

rFire   x . .      SeeInvis +     - Unarmed
rCold   + + +      Faith    .   (shield currently unavailable)
rNeg    . . .      Spirit   .   (body armour currently unavailable)
rPois   +          Reflect  .   (helmet currently unavailable)
rElec   .          Harm     .   (cloak currently unavailable)
rCorr   .          Rampage  .   (gloves unavailable)
Will    +....                   (boots unavailable)
Stlth   +++.......              (no amulet)
HPRegen 0.14/turn               f - +6 ring of dexterity
MPRegen 0.13/turn               p - +4 ring of protection

@: ice-form
A: freezing attack, amphibious, boosted hp, large, no large weapons, unfitting
armour, see invisible, (speed 3), inexperienced 1
a: End Transformation, Renounce Religion


You were on level 8 of the Dungeon.
You worshipped Ru.
Ru was aware of your devotion.
You were a creature of crystalline ice.
You visited 2 branches of the dungeon, and saw 9 of its levels.

You collected 338 gold pieces.
You spent 147 gold pieces at shops.

Inventory:

Missiles
 c - 77 stones (quivered)
 z - 2 poisoned darts
 I - a throwing net
Armour
 a - a +0 robe (melded)
 j - a scarf of shadows (melded)
 D - a +0 cloak
Jewellery
 f - a +6 ring of dexterity (left front paw)
 h - a ring of flight
 p - a +4 ring of protection (right front paw)
 A - a ring of fire
 H - a +4 ring of evasion
Wands
 x - a wand of mindburst (6)
 B - a wand of digging (1)
 F - a wand of acid (13)
Scrolls
 d - 3 scrolls of teleportation
 e - 3 scrolls of amnesia
 l - a scroll of fog
 m - 3 scrolls of fear
 n - a scroll of blinking {unknown}
 o - 2 scrolls of enchant weapon
 v - a scroll of silence {unknown}
 y - 2 scrolls of vulnerability {!r}
 E - 2 scrolls of immolation {!r}
Potions
 b - 2 potions of lignification {!q}
 g - 6 potions of curing {@q1}
 i - 3 potions of heal wounds {@q2}
 k - 3 potions of mutation {!q}
 q - a potion of resistance {unknown}
 r - a potion of attraction {!q}
 s - 5 potions of brilliance
 t - 3 potions of haste
 u - a potion of berserk rage {unknown}
 w - a potion of might {unknown}
 C - a potion of cancellation {unknown}


   Skills:
 + Level 3.4 Fighting
 + Level 5.6 Dodging
 - Level 5.0 Stealth
 - Level 8.0 Unarmed Combat
 + Level 3.8 Spellcasting
 - Level 2.0 Hexes
 + Level 6.6 Transmutations
 - Level 2.0 Evocations


You had 7 spell levels left.
You knew the following spells:

 Your Spells              Type           Power      Damage    Failure   Level
a - Beastly Appendage     Tmut           56%        N/A       1%          1
b - Slow                  Hex            44%        N/A       6%          1
c - Ice Form              Ice/Tmut       16%        N/A       34%         4

Your spell library contained the following spells:

 Spells                   Type           Power      Damage    Failure   Level
 Wereblood                Tmut           28%        N/A       1%          2
 Spider Form              Tmut/Pois      16%        N/A       11%         3
 Foxfire                  Conj/Fire      12%        2x1d4     14%         1
 Magic Dart               Conj           12%        1d3       14%         1
 Ensorcelled Hibernation  Hex/Ice        14%        N/A       14%         2
 Ignite Poison            Fire/Tmut/Pois 12%        N/A       17%         3
 Confusing Touch          Hex            11%        N/A       19%         3
 Tukima's Dance           Hex            11%        N/A       19%         3
 Searing Ray              Conj           6%         2d4       22%         2
 Inner Flame              Hex/Fire       7%         N/A       28%         3
 Conjure Flame            Conj/Fire      3%         6-21      38%         3
 Vampiric Draining        Necr           3%         2d6       38%         3
 Yara's Violent Unravell  Hex/Tmut       10%        3d6       54%         5
 Anguish                  Hex/Necr       3%         N/A       67%         4
 Fulminant Prism          Conj/Hex       3%         3d6       67%         4
 Flame Wave               Conj/Fire      3%         2d4       80%         4
 Passage of Golubria      Tloc           3%         N/A       80%         4
 Sticky Flame             Conj/Fire      3%         2d3       80%         4


Dungeon Overview and Level Annotations

Branches:
Dungeon (8/15)             Temple (1/1) D:6
   Lair: D:8-11

Altars:
Ashenzari
Cheibriados
Dithmenos
Elyvilon
Fedhas
Gozag
Hepliaklqana
Kikubaaqudgha
Makhleb
Nemelex Xobeh
Okawaru
Qazlal
Ru
Sif Muna
Trog
Uskayaw
Vehumet
Wu Jian
Xom
Yredelemnul
Zin
The Shining One

Shops:
D:1 !*?*   D:5 *[   D:6 *


Innate Abilities, Weirdness & Mutations

You are a creature of crystalline ice.
You have a powerful freezing melee attack.
You are amphibious.
Your maximum health is increased.
Your armour is entirely melded.
You are incapable of wielding weapons or throwing items.
You are very small and have problems with some larger weapons.
You are too small for most types of armour.
You have supernaturally acute eyesight. (SInv)
((You cover ground extremely quickly. (Speed+++)))
You are somewhat inexperienced. (-2 XL)


Message History

A yak comes into view.
The yak bellows!
A yak comes into view. x2 2 yaks come into view.
Found a potion of curing.
The yak moves out of view.
The yak bellows! x2; You hear a bellow!
You punch the yak! You freeze the yak.
The yak is moderately wounded.
You hit the yak. You freeze the yak.
The yak is heavily wounded.
The yak gores you.
You hit the yak. You freeze the yak.
The yak is severely wounded.
The yak gores you.
You hit the yak. You freeze the yak.
The yak is severely wounded.
The yak gores you.
You barely miss the yak.
The yak is severely wounded.
The yak gores you!
You punch the yak! You freeze the yak.
You kill the yak!
You punch the yak! You freeze the yak.
The yak is lightly wounded.
You punch the yak! You freeze the yak.
The yak is moderately wounded.
The yak gores you!
You are too injured to fight recklessly!
You are too injured to fight recklessly!
You are too injured to fight recklessly!
You are too injured to fight recklessly!
You hit the yak. You freeze the yak.
The yak is heavily wounded.
The yak gores you!
* * * LOW HITPOINT WARNING * * *
The yak attacks as you move away! The yak barely misses you.
The yak attacks as you move away! The yak misses you.
You see here 6 gold pieces.
The yak attacks as you move away! The yak gores you!
You die...

....# ... ... #Y# #†#
######## #Y# .......#
#Y# .......##########Y#
.....^<.........Y.######
.......##########.......
.......'.......(........
.......##########.......
.......# #.......
+####### ####.... ###.


You could see 4 yaks.

Vanquished Creatures
  Grinder (D:6)
  A yak (D:8)
  2 water moccasins
  An ice beast (D:6)
  2 sky beasts (D:6)
  A black bear (D:5)
  A centaur (D:7)
  4 phantoms
  5 scorpions
  A jelly (D:6)
  2 orc priests (D:7)
  5 hounds
  2 gnoll shamans (D:7)
  7 iguanas
  4 orc wizards
  14 gnolls
  7 adders
  A shadow imp (D:7)
  A white imp (D:7)
  An ufetubus (D:6)
  3 worms
  35 orcs
  13 endoplasms
  A giant cockroach (D:2)
  9 goblins
  8 hobgoblins
  2 jackals (D:2)
  3 quokkas
  3 ball pythons
  5 bats
  3 frilled lizards
  6 kobolds
  4 rats
158 creatures vanquished.

Vanquished Creatures (others)
  An orc wizard (D:3)
1 creature vanquished.

Grand Total: 159 creatures vanquished

Notes
Turn   | Place    | Note
-------+----------+-------------------------------------------
     0 | D:1      | Kenran the Spriggan Transmuter began the quest for the Orb.
     0 | D:1      | Reached XP level 1. HP: 9/9 MP: 5/5
     0 | D:1      | Upgraded the game from 0.29-a0-453-gf113fcf677 to
                  | 0.29-a0-464-g50448035db
   199 | D:1      | Reached skill level 1 in Fighting
   199 | D:1      | Reached skill level 1 in Stealth
   222 | D:1      | Found Puzaom's General Store.
   224 | D:1      | Found Pitiagro's Magic Scroll Shop.
   266 | D:1      | Reached XP level 2. HP: 11/14 MP: 6/6
   661 | D:1      | Found Noinuuta's Distillery.
   825 | D:1      | Bought a potion of curing for 36 gold pieces
  1303 | D:1      | Reached skill level 3 in Unarmed Combat
  1455 | D:1      | Found Maly Tucs's Assorted Antiques.
  1571 | D:2      | Found a faded altar of an unknown god.
  1744 | D:2      | Learned a level 1 spell: Slow
  1880 | D:2      | Reached XP level 3. HP: 18/18 MP: 6/8
  1925 | D:2      | Noticed a phantom
  2582 | D:2      | Killed a phantom
  2583 | D:2      | Reached skill level 4 in Unarmed Combat
  2583 | D:2      | Reached XP level 4. HP: 15/22 MP: 7/9
  2864 | D:2      | Reached XP level 5. HP: 18/25 MP: 6/10
  2948 | D:2      | Learned a level 4 spell: Ice Form
  3185 | D:1      | Bought a scroll of identify for 26 gold pieces
  4370 | D:4      | Reached XP level 6. HP: 28/30 MP: 11/11
  5203 | D:4      | Reached skill level 5 in Unarmed Combat
  5424 | D:1      | Bought a scroll of teleportation for 39 gold pieces
  5424 | D:1      | Bought a scroll of identify for 26 gold pieces
  5513 | D:5      | Entered Level 5 of the Dungeon
  5558 | D:5      | Reached skill level 5 in Stealth
  5725 | D:5      | Found Pezeoc's Antique Armour Boutique.
  5730 | D:5      | Noticed a water moccasin
  5821 | D:5      | Found Qieggoot's Elemental Accessories.
  5837 | D:5      | Reached XP level 7. HP: 16/35 MP: 9/12
  6281 | D:5      | Reached skill level 1 in Hexes
  7810 | D:6      | Reached XP level 8. HP: 40/40 MP: 13/13
  7832 | D:6      | Found a radiant altar of Vehumet.
  7930 | D:6      | Reached skill level 6 in Unarmed Combat
  7974 | D:6      | Reached skill level 5 in Dodging
  8132 | D:6      | Found a staircase to the Ecumenical Temple.
  8155 | D:6      | Reached skill level 5 in Transmutations
  8165 | Temple   | Entered the Ecumenical Temple
  8686 | Temple   | Became a worshipper of Ru the Awakened
  9368 | D:6      | Noticed Grinder
  9378 | D:6      | Reached skill level 7 in Unarmed Combat
  9382 | D:6      | Paralysed by Grinder for 4 turns
  9387 | D:6      | Killed Grinder
  9620 | D:6      | Found Vesiwogy's General Store.
  9629 | D:6      | Bought a scroll of identify for 20 gold pieces
  9945 | D:7      | Reached XP level 9. HP: 44/44 MP: 9/14
  9952 | D:7      | Reached skill level 8 in Unarmed Combat
 10135 | D:7      | Gained mutation: You are somewhat inexperienced. (-2 XL)
                  | [Ru sacrifice]
 10135 | D:7      | Reached XP level 8. HP: 40/40 MP: 13/13
 10135 | D:7      | Reached XP level 7. HP: 36/36 MP: 12/12
 10135 | D:7      | Reached * piety under Ru
 11100 | D:8      | Slain by a yak

Illustrated notes

Levels and vault maps discovered:
D:1:      sevenhm_arrival_forest_fort_small_5, layout_basic, serial_shops,
          nicolae_shop_advertising_works [nicolae_subvault_shop_adworks],
          nicolae_shop_behind_doors, shop, shop
D:2:      layout_loops_ring, ebering_ecumenical_altar_petrified,
          cheibrodos_gnoll_hut
D:3:      layout_basic, grunt_ministairs_1
D:4:      layout_loops_ring
D:5:      layout_loops_ring, serial_shops, nicolae_shop_waterfront,
          nicolae_elemental_shop
D:6:      layout_loops_ring, lemuel_round_altar,
          minmay_temple_entry_sparse_star, serial_shops, nicolae_lakefront_shop,
          uniq_grinder
D:7:      layout_loops_cross, minmay_misc_feat_more_columns
D:8:      layout_basic, serial_shops, nicolae_take_the_stairs, shop, shop
Temple:   mainiacjoe_temple_starburst

Skill      XL: |  1  2  3  4  5  6  7  8  9 |
---------------+----------------------------+-----
Fighting       | 1 2 3 |  3.4
Stealth        | 2 4 5 |  5.0
Unarmed Combat | 3 4 5 7 8 |  8.0
Dodging        | 3 4 5 |  5.6
Evocations     | 2 |  2.0
Spellcasting   | 3 |  3.8
Hexes          | 2 |  2.0
Transmutations | 4 6 |  6.6

Action                   |  1- 3 |  4- 6 |  7- 9 || total
-------------------------+-------+-------+-------++-------
Melee: Unarmed           |   117 |   217 |   284 ||   618
       Headbutt          |    13 |    34 |    51 ||    98
       Kick              |    19 |    56 |    54 ||   129
       Punch             |     2 |     9 |     8 ||    19
Throw: Stone             |    15 |     1 |       ||    16
 Cast: Beastly Appendage |    20 |    24 |    23 ||    67
       Slow              |     4 |     8 |       ||    12
       Ice Form          |       |       |     8 ||     8
Invok: Sacrifice Experie |       |       |     1 ||     1
  Use: Potion            |     1 |       |     2 ||     3
       Scroll            |       |     3 |     8 ||    11
 Stab: Sleeping          |     6 |     7 |     7 ||    20
       Paralysed         |       |       |     2 ||     2
Armor: Robe              |    17 |    27 |    20 ||    64
       Skin              |       |       |    30 ||    30
Dodge: Dodged            |    84 |   130 |   193 ||   407

Table legend: (Time is in decaauts)
 A = Elapsed time spent in this place.
 B = Non-inter-level travel time spent in this place.
 C = Inter-level travel time spent in this place.
 D = Time resting spent in this place.
 E = Time spent auto-exploring this place.
 F = Levels seen in this place.
 G = Mean time per level.
                   A        B        C        D        E       F      G
               +--------+--------+--------+--------+--------+-----+--------+
         Total |   8829 |   8481 |    348 |   3844 |   3039 |   9 |  981.0 |
       Dungeon |   8481 |   8194 |    287 |   3844 |   2765 |   8 | 1060.1 |
        Temple |    348 |    287 |     61 |      0 |    274 |   1 |  348.0 |
               +--------+--------+--------+--------+--------+-----+--------+

Top non-repeatable levels by time:
     D:5: 1901 daAuts
     D:1: 1617 daAuts
     D:7: 1144 daAuts
     D:6: 1108 daAuts
     D:2: 1073 daAuts
     D:4: 991 daAuts
     D:3: 619 daAuts
  Temple: 348 daAuts
     D:8: 25 daAuts
